 Dungeon Crawl Stone Soup version 0.26.0-20-g3ca415f5b8 (webtiles) character file.

Game seed: 5690481620470944489

4912 zcampers the Cleaver (level 10, -2/93 HPs)
             Began as a Minotaur Berserker on Jan 25, 2021.
             Was an Elder of Trog.
             Slain by an orc
             ... wielding a +0 halberd
              (4 damage)
             ... in a bailey.
             The game lasted 00:11:54 (6247 turns).

zcampers the Cleaver (Minotaur Berserker)           Turns: 6247, Time: 00:11:55

Health: -2/93      AC: 17    Str: 20 (22) XL:     10   Next: 27%
Magic:  9/9        EV: 15    Int:  6 (7)  God:    Trog [****..]
Gold:   461        SH:  2    Dex:  7 (10) Spells: 9/9 levels left

rFire    + + .     SeeInvis .   p - +1 war axe (venom)
rCold    x . .     Faith    +   B - +0 buckler
rNeg     . . .     Spirit   .   t - +0 fire dragon scales
rPois    +         Reflect  .   d - +2 hat
rElec    .         Harm     .   u - scarf {+Inv}
rCorr    .         Rampage  .   D - +1 pair of gloves
Will     ++...                  n - +0 pair of boots
Stlth    ..........             q - amulet of Qeingane {Faith rPois}
HPRegen  1.25/turn              y - +4 ring of evasion
MPRegen  0.11/turn              s - +4 ring of slaying

@: regenerating
A: retaliatory headbutt, horns 2
a: Renounce Religion, Evoke Invisibility, Berserk, Trog's Hand, Brothers in Arms


You were in a bailey.
You worshipped Trog.
Trog was greatly pleased with you.
You visited 1 branch of the dungeon, and saw 9 of its levels.
You also visited: Bailey.

You collected 597 gold pieces.
You spent 136 gold pieces at shops.

Inventory:

Hand Weapons
 p - a +1 war axe of venom (weapon)
Missiles
 o - 7 boomerangs (quivered)
Armour
 d - a +2 hat (worn)
 n - a +0 pair of boots (worn)
 t - +0 fire dragon scales (worn)
 u - a scarf of invisibility (worn)
 B - a +0 buckler (worn)
 D - a +1 pair of gloves (worn)
Jewellery
 c - an uncursed amulet of regeneration
 q - the amulet of Qeingane (around neck) {Faith rPois}
   (You found it on level 6 of the Dungeon)

   [amulet of faith]

   It allows you to gain divine favour quickly.
   It protects you from poison.
 r - an uncursed ring of protection from fire
 s - a +4 ring of slaying (right hand)
 y - a +4 ring of evasion (left hand)
Wands
 k - a wand of acid (8)
 l - a wand of flame (29)
Scrolls
 e - 2 scrolls of blinking
 f - 5 scrolls of identify
 g - 4 scrolls of teleportation
 j - 4 scrolls of remove curse
 m - a scroll of fog
 C - a scroll of magic mapping
Potions
 b - a potion of invisibility
 h - 8 potions of curing
 v - a potion of berserk rage
 A - a potion of heal wounds


   Skills:
 + Level 9.8 Fighting
 + Level 9.8 Axes
 + Level 9.4 Armour
 + Level 8.6 Dodging


You had 9 spell levels left.
You didn't know any spells.
Your spell library was empty.

Dungeon Overview and Level Annotations

Branches:
Dungeon (9/15)             Temple (0/1) D:6            Lair (0/6) D:8
 Bailey (1/1)
    Orc: D:9-12

Altars:
Ashenzari
Makhleb
Uskayaw
Vehumet
Yredelemnul
The Shining One

Shops:
D:5 (   D:6 (

Annotations:
D:7 2 runed translucent doors


Innate Abilities, Weirdness & Mutations

You reflexively headbutt those who attack you in melee.
You have a pair of horns on your head.


Message History

You feel strong-willed.
The orc warrior no longer looks unusually strong.
The orc knight hits you from afar with a +0 halberd!
The orc misses you.
The orc warrior hits you from afar with a +0 halberd.
You closely miss the orc.
The orc knight hits you from afar with a +0 halberd!
The orc warrior hits you from afar with a +0 halberd!
The orc hits you but does no damage.
You hit the orc but do no damage.
The orc is poisoned.
The orc knight hits you from afar with a +0 halberd!
* * * LOW HITPOINT WARNING * * *
The orc warrior closely misses you.
The orc knight roars a battlecry!
The orcs go into a battle-frenzy!
The orc misses you.
The orc knight hits you with a +0 halberd!!
* * * LOW HITPOINT WARNING * * *
The orc hits you with a +0 halberd.
You die...

### ###
##.###########∩## #
#...##.....##.∩.##.
#...#..≈≈≈..#..(#..
#.o.#.≈≈o≈≈.......≈
#.o.'.≈oo.≈....(..≈
#?@.#.≈≈o≈≈.).)...≈
#.o.#..≈≈≈..#...#..
#)..##.....##...##.
##.###########∩## #
### ###


You could see 3 orc knights, 2 orc warriors and an orc (strong, very poisoned).

Vanquished Creatures
  A manticore (D:7)
  Maggie (D:6)
  A shadow (D:7)
  4 yaks (D:9)
  A wyvern (D:8)
  A water moccasin (D:4)
  3 orc warriors
  A phantom (D:8)
  A sky beast (D:8)
  A necrophage (D:6)
  5 ogres
  2 centaurs
  2 bullfrogs
  A wyvern zombie (D:9)
  3 scorpions
  8 wights
  4 howler monkeys
  A bullfrog zombie (D:5)
  4 orc priests
  A centaur skeleton (D:6)
  4 hounds
  2 orc wizards
  A bullfrog skeleton (D:7)
  4 jellies
  5 iguanas
  Natasha (thrice) (D:4)
  10 worker ants
  A hound zombie (D:6)
  7 adders
  A howler monkey skeleton (D:6)
  A shadow imp (D:6)
  A white imp (D:6)
  An ufetubus (D:4)
  2 oozes
  An adder skeleton (D:4)
  5 worms
  4 leopard geckos
  22 orcs
  2 ball pythons
  5 giant cockroaches
  2 gnoll zombies (D:3)
  5 hobgoblins
  4 kobolds
  6 quokkas
  4 bats
  10 frilled lizards
  9 goblins
  A quokka skeleton (D:4)
  6 rats
175 creatures vanquished.

Vanquished Creatures (collateral kills)
  2 orc warriors (Bailey)
2 creatures vanquished.

Grand Total: 177 creatures vanquished

Notes
Turn   | Place    | Note
-------+----------+-------------------------------------------
     0 | D:1      | zcampers the Minotaur Berserker began the quest for the
                  | Orb.
     0 | D:1      | Reached XP level 1. HP: 19/19 MP: 0/0
   201 | D:1      | Reached XP level 2. HP: 27/27 MP: 1/1
   947 | D:2      | Noticed an ogre
   952 | D:2      | Killed an ogre
   953 | D:2      | Reached XP level 3. HP: 34/34 MP: 2/2
   953 | D:2      | Reached XP level 4. HP: 41/41 MP: 3/3
   980 | D:2      | Reached ** piety under Trog
  1153 | D:2      | Found a glowing golden altar of the Shining One.
  1170 | D:2      | Found a broken altar of Ashenzari.
  1524 | D:2      | Reached XP level 5. HP: 47/47 MP: 4/4
  2001 | D:3      | Found a basalt altar of Yredelemnul.
  2388 | D:4      | Reached skill level 5 in Fighting
  2388 | D:4      | Reached skill level 5 in Axes
  2399 | D:4      | Reached XP level 6. HP: 56/56 MP: 5/5
  2666 | D:4      | Noticed Natasha
  2676 | D:4      | Killed Natasha
  2766 | D:4      | Noticed Natasha
  2772 | D:4      | Killed Natasha
  2820 | D:4      | Noticed Natasha
  2825 | D:4      | Killed Natasha
  2928 | D:5      | Entered Level 5 of the Dungeon
  2962 | D:5      | Reached skill level 5 in Armour
  2962 | D:5      | Reached XP level 7. HP: 43/62 MP: 6/6
  2963 | D:5      | Reached *** piety under Trog
  3026 | D:4      | Reached skill level 5 in Dodging
  3147 | D:5      | Reached XP level 8. HP: 70/71 MP: 7/7
  3187 | D:5      | Found a radiant altar of Vehumet.
  3195 | D:5      | Found a burning altar of Makhleb.
  3516 | D:5      | Found Tigaadgho's Weapon Emporium.
  3563 | D:6      | Found a staircase to the Ecumenical Temple.
  3710 | D:6      | Found Biav's Antique Weapon Emporium.
  3715 | D:6      | Bought a glowing war axe for 136 gold pieces
  3835 | D:6      | Got a slimy tin amulet
  3865 | D:6      | Noticed Maggie
  3873 | D:6      | Killed Maggie
  3893 | D:6      | Identified the amulet of Qeingane {Faith rPois} (You found
                  | it on level 6 of the Dungeon)
  4571 | D:7      | Reached XP level 9. HP: 47/81 MP: 8/8
  4732 | D:7      | Found a large runed translucent door.
  4738 | D:7      | Noticed a manticore
  4739 | D:7      | Found a large runed translucent door.
  4751 | D:7      | Killed a manticore
  4752 | D:7      | Found a large runed translucent door.
  4752 | D:7      | Found a large runed translucent door.
  4766 | D:7      | Got an ivory whip
  4773 | D:7      | Got a transparent battleaxe
  4778 | D:7      | Identified the cursed +0 whip "Gawa" {venom, rC- rN+ Dex+8
                  | Stlth+} (You found it on level 7 of the Dungeon)
  4779 | D:7      | Identified the +5 battleaxe "Ixtoutuy" {pain, rElec rC++
                  | Int+4 Dex-2} (You found it on level 7 of the Dungeon)
  4926 | D:7      | Reached **** piety under Trog
  4964 | D:7      | Found a hide-covered altar of Uskayaw.
  4964 | D:7      | Noticed a +0 hand axe
  4964 | D:7      | Noticed a +0 hand axe
  5244 | D:8      | Found a staircase to the Lair.
  5483 | D:8      | Reached XP level 10. HP: 91/91 MP: 9/9
  5826 | D:9      | Got an ebony great mace
  5841 | D:9      | Identified the cursed +2 great mace of the Reaper {pain,
                  | rF+ Int+3} (You found it on level 9 of the Dungeon)
  5956 | D:9      | Found a flagged portal.
  5969 | Bailey   | Entered a bailey
  5969 | Bailey   | Noticed an orc knight
  5970 | Bailey   | Noticed an orc knight
  5970 | Bailey   | Noticed an orc knight
  6241 | Bailey   | Noticed an orc knight
  6247 | Bailey   | HP: 2/93 [orc knight/+0 halberd (26)]
  6247 | Bailey   | Slain by an orc

Illustrated notes

Levels and vault maps discovered:
D:1:      dpeg_arrival_pits, layout_loops_ring, minivault_5,
          minmay_three_crescents
D:2:      layout_loops_cross, grunt_temple_overflow_open
D:3:      layout_loops_ring, lemuel_zombie_altar_yredelemnul, hex_tiny,
          hangedman_abyss_or_decor_lesser_grid
D:4:      layout_cave_pools, minmay_cupped, uniq_natasha
D:5:      layout_cave_pools, vehumet_altar_wand_db, overflow_temple_1_default,
          serial_shops, kennysheep_mini_moat, kennysheep_generic_room_9
D:6:      layout_loops_corners, minmay_temple_entry_proselytizer, serial_shops,
          nicolae_shop_trees, uniq_maggie
D:7:      layout_loops_ring, dancing_weapons_uskayaw,
          minmay_hollow_rounded_squares
D:8:      layout_loops_ring, lair_entry_dummy
D:9:      layout_cave_pools, enter_bailey_4, hangedman_corner_corridor
Bailey:   bailey_polearm_4, bailey

Skill      XL: |  1  2  3  4  5  6  7  8  9 |
---------------+----------------------------+-----
Fighting       | 4 5 6 8 9 |  9.8
Axes           | 4 5 6 8 9 |  9.8
Armour         | 3 4 5 6 7 9 |  9.4
Dodging        | 3 4 5 6 8 |  8.6

Action                   |  1- 3 |  4- 6 |  7- 9 | 10-12 || total
-------------------------+-------+-------+-------+-------++-------
Melee: Hand axe          |    37 |   109 |    55 |       ||   201
       Headbutt          |     3 |    25 |    35 |     4 ||    67
       War axe           |       |       |   116 |    35 ||   151
Invok: Berserk           |     1 |     1 |     2 |       ||     4
       Trog's Hand       |       |     2 |     7 |     3 ||    12
       Brothers in Arms  |       |       |       |     1 ||     1
  Use: Scroll            |       |    11 |     5 |     4 ||    20
       Potion            |       |     7 |     2 |     2 ||    11
Armor: Ring mail         |    23 |    12 |       |       ||    35
       Fire dragon scale |       |    52 |    87 |    20 ||   159
Dodge: Dodged            |    42 |    52 |   145 |    49 ||   288
Block: Buckler           |       |       |     2 |     3 ||     5
